 Dungeon Sprint DCSS version 0.31-a0-744-gbc345e7fcb (webtiles) character file.

Game seed: 12061209266493001014

14 rocky1 the Ruffian (level 4, 0/40 HPs)
             Began as a Draconian Shapeshifter on Sept 14, 2023.
             Was a Follower of Okawaru.
             Succumbed to a kobold brigand's curare-tipped dart
             ... in the Dungeon (Sprint VI: "Thunderdome").
             The game lasted 00:01:28 (190 turns).

rocky1 the Ruffian (Draconian Shapeshifter)          Turns: 190, Time: 00:01:28

Health: 0/40       AC:  5    Str: 18    XL:     4   Next: 50%
Magic:  5/5        EV: 13    Int: 10    God:    Okawaru [*.....]
Gold:   220        SH:  0    Dex: 11    Spells: 3/3 levels left

rFire   . .          .
                       - Unarmed
rCold   . . .        (no shield)
rNeg    . . .        (body armour unavailable)
rPois   .            (helmet currently unavailable)
rElec   .            (cloak currently unavailable)
rCorr   .            (gloves currently unavailable)
SInv    .            (boots currently unavailable)
Will    .....        (no amulet)
Stlth   +            (no ring)
HPRegen 0.26/turn    (no ring)
MPRegen 0.09/turn

%: no teleportation
@: lethally poisoned (0 -> -4), beast-form, on berserk cooldown, slowed, very
slow
A: beast (slay +2), AC +5, unfitting armour, cold-blooded
a: Begin Untransformation, Renounce Religion, Heroism


You were in the Dungeon.
You worshipped Okawaru.
Okawaru was aware of your devotion.
You were a hulking beast.
You visited 1 branch You collected 220 gold pieces.

Inventory:

Talismans
 b - a beast talisman (active)
 c - a flux talisman
Wands
 k - a wand of quicksilver (5)
 l - a wand of roots (2)
Scrolls
 i - 4 scrolls of blinking
 m - 3 scrolls of fog
Potions
 a - a potion of lignification
 e - 4 potions of heal wounds
 f - 4 potions of haste
 g - 2 potions of magic
 j - 2 potions of resistance


   Skills:
 + Level 4.1 Fighting
 + Level 3.8 Dodging
 * Level 6.2 Unarmed Combat
 + Level 2.3 Invocations
 + Level 4.7 Shapeshifting


You had 3 spell levels left.
You didn't know any spells.
Your spell library was empty.

Dungeon Overview and Level Annotations

Branches:
Dungeon (1/1)

Altars:
Cheibriados
Dithmenos
Fedhas
Gozag
Kikubaaqudgha
Makhleb
Okawaru
Qazlal
Ru
Sif Muna
Trog
Uskayaw
Vehumet
Wu Jian
Xom
Yredelemnul
Zin
The Shining One
Lugonu

Shops:
D *[=??*?*:[((!!!!

Annotations:
D Ijyb


Innate Abilities, Weirdness & Mutations

You are a hulking beast.
Your limbs bulge with bestial killing power. (Slay +2)
Your plain brown scales are hard. (AC +5)
You cannot fit into any form of body armour.
You are cold-blooded and may be slowed by cold attacks.


Message History

You feel a strong urge to attack something.
You feel your anger nearly subside.
You are no longer berserk.
You are exhausted.
You feel yourself slow down.
You start resting.
Ijyb the Twisted Goblin comes into view.
She is wielding a +0 dagger and carrying a wand of flame.
A kobold brigand comes into view.
It is wielding a +0 dagger and quivering curare-tipped darts.
Unknown command.
The kobold brigand shouts!
Ijyb shouts!
The kobold brigand throws a curare-tipped dart.
The curare-tipped dart hits you.
You are poisoned.
You have difficulty breathing.
You feel as though you will be slow longer.
You feel very sick.
The kobold brigand throws a curare-tipped dart.
The curare-tipped dart misses you.
Things that are here:
a +0 dagger; a goblin corpse
* * * LOW HITPOINT WARNING * * *
You feel very sick.
The kobold brigand throws a curare-tipped dart.
The curare-tipped dart closely misses you.
* * * LOW HITPOINT WARNING * * *
You feel very sick.
The kobold brigand hits you with a +0 dagger.
* * * LOW HITPOINT WARNING * * *
Ijyb zaps a wand.
The puff of flame misses you.
The puff of flame hits the kobold brigand!
You hit the kobold brigand but do no damage.
The kobold brigand is heavily wounded.
* * * LOW HITPOINT WARNING * * *
You feel sick.
The kobold brigand hits you with a +0 dagger.
* * * LOW HITPOINT WARNING * * *
Unknown command.
You barely miss the kobold brigand.
The kobold brigand is heavily wounded.
You die...

#⌠⌠⌠## #.....# ##.....##
##∩.....∩## #∩.......∩#
#_......._# #_........#
#_.K....._# ###.†h......###
#⌠).)........⌠#
######.8.........8.######
##∩___...g..###.......__∩##
###∩...†....8.# #.8........∩#
##..........[..###............
#⌠..........###...###.........
#⌠.......)..# #.<.# #.........
#⌠..........###...###.........


You could see a kobold brigand and Ijyb.

Vanquished Creatures
  A kobold brigand (D)
  Terence (D)
  An adder (D)
  2 goblins (D)
  2 hobgoblins (D)
  A kobold (D)
8 creatures vanquished.

Notes
Turn   | Place    | Note
-------+----------+-------------------------------------------
     0 | D        | rocky1 the Draconian Shapeshifter began the quest for the
                  | Orb.
     0 | D        | Reached XP level 1. HP: 16/16 MP: 1/1
     4 | D        | Found an iron altar of Okawaru.
     5 | D        | Found a shadowy altar of Dithmenos.
     5 | D        | Found a snail-covered altar of Cheibriados.
     5 | D        | Round 1.
     6 | D        | Found an ancient bone altar of Kikubaaqudgha.
     6 | D        | Found a blossoming altar of Fedhas.
     7 | D        | Found Eretuus's Timeless Talismans.
     7 | D        | Found a shimmering blue altar of Sif Muna.
     7 | D        | Found a bloodstained altar of Trog.
     7 | D        | Found Van Unem's Identification Station.
     8 | D        | Found Axakkiammo's Jewellery.
     8 | D        | Found Keypn's Advanced Armour.
    12 | D        | Found a radiant altar of Vehumet.
    14 | D        | Found Azyduub's Magic Scroll Shop.
    16 | D        | Found a corrupted altar of Lugonu.
    16 | D        | Found an opulent altar of Gozag.
    16 | D        | Found Kalapuf's Staff Store.
    17 | D        | Found Moell's Magic Scroll Shop.
    17 | D        | Found Enasyi's Must-Have Magic.
    26 | D        | Became a worshipper of Warmaster Okawaru
    57 | D        | Noticed Terence
    67 | D        | Killed Terence
    68 | D        | Reached skill level 4 in Unarmed Combat
    68 | D        | Reached XP level 2. HP: 18/25 MP: 2/2
    75 | D        | Reached XP level 3. HP: 20/30 MP: 3/3
    76 | D        | Arena points: 14 (+14) [x2]
    77 | D        | Reached skill level 5 in Unarmed Combat
   131 | D        | Round 2.
   134 | D        | Found a basalt altar of Yredelemnul.
   135 | D        | Found a glowing silver altar of Zin.
   139 | D        | Found Cuseafaug's Distillery.
   139 | D        | Found Awnilum's Distillery.
   140 | D        | Found Waqu's Bottled Wisdom.
   141 | D        | Found a stormy altar of Qazlal.
   141 | D        | Found a shimmering altar of Xom.
   141 | D        | Found a sacrificial altar of Ru.
   141 | D        | Found Veyzioph's Do-It-Yourself Clinic.
   145 | D        | Found a burning altar of Makhleb.
   146 | D        | Found an ornate altar of the Wu Jian Council.
   149 | D        | Found a glowing golden altar of the Shining One.
   150 | D        | Found Karhar's Weapon Rack.
   151 | D        | Found Xioshraxt's Basic Armour.
   151 | D        | Found Ceusumor's Miscellaneous Merchandise.
   152 | D        | Found a hide-covered altar of Uskayaw.
   152 | D        | Found Waas's Premium Goods.
   157 | D        | Noticed a kobold brigand
   170 | D        | Killed a kobold brigand
   170 | D        | Reached * piety under Okawaru
   171 | D        | Reached skill level 6 in Unarmed Combat
   171 | D        | Reached XP level 4. HP: 28/40 MP: 3/5
   183 | D        | Noticed Ijyb
   183 | D        | Noticed a kobold brigand
   189 | D        | HP: 2/40 [kobold brigand/+0 dagger (2)]
   190 | D        | Succumbed to a kobold brigand's curare-tipped dart

Illustrated notes

Levels and vault maps discovered:
D:        arena_sprint

Skill      XL: |  1  2  3 |
---------------+----------+-----
Dodging        | 2 3 |  3.8
Fighting       | 2 4 |  4.1
Unarmed Combat | 4 6 |  6.2
Shapeshifting  | 4 |  4.7
Invocations    | 2 |  2.3

Action                     |  1- 3 |  4- 6 || total
---------------------------+-------+-------++-------
  Melee: Unarmed           |    26 |     2 ||    28
         Tailslap          |     1 |       ||     1
  Evoke: Wand              |     3 |       ||     3
    Use: Potion            |     2 |       ||     2
 Armour: Skin              |    18 |     2 ||    20
  Dodge: Dodged            |     8 |     3 ||    11

Table legend: (Time is in decaauts)
 A = Elapsed time spent in this place.
 B = Non-inter-level travel time spent in this place.
 C = Inter-level travel time spent in this place.
 D = Time resting spent in this place.
 E = Time spent auto-exploring this place.
 F = Levels seen in this place.
 G = Mean time per level.
                   A        B        C        D        E       F      G
               +--------+--------+--------+--------+--------+-----+--------+
         Total |    192 |    192 |      0 |     59 |      0 |   1 |  192.0 |
       Dungeon |    192 |    192 |      0 |     59 |      0 |   1 |  192.0 |
               +--------+--------+--------+--------+--------+-----+--------+

Top non-repeatable levels by time:
       D: 192 daAuts
